AoeStats
← JR_Clutch

Arabia

508130879Analyzed
1v1 RM · 13d ago on Sep 21, 2026· 67m 52s· 2 players
Game mode
Random Map
Map size
Tiny (2 player)
Population
200
Speed
Normal
Resources
Standard
Victory
Conquest
Starting age
Dark Age
Ending age
Imperial Age
RankedLock teamsTeams togetherTeam positionsShared explorationLock speedFull tech treeHidden civsTurbo modeCheats
Victory
Defeat
🇨🇱 Britons · Chile
720
+14
🇯🇵 Goths · Japan
686
-14
PrincessLamb444
1:57 Loom
16:15 Feudal Age
18:46 Man-at-Arms
23:22 Castle Age
22:04 Horse Collar
24:10 Bloodlines
24:57 Wheelbarrow
28:57 Double-Bit Axe
31:29 Bow Saw
31:36 Stone Mining
32:51 Husbandry
33:16 Heavy Plow
33:58 Long Swordsman
33:58 Pikeman
34:39 Squires
34:46 Scale Mail Armor
36:00 Padded Archer Armor
39:25 Imperial Age
39:35 Imperial Age
37:56 Gold Mining
38:43 Stone Shaft Mining
39:04 Chain Mail Armor
38:38 Light Cavalry
40:29 Hand Cart
40:42 Perfusion
41:09 Anarchy
41:51 Conscription
41:10 Two-Handed Swordsman
42:58 Forging
42:35 Champion
50:22 Iron Casting
50:34 Crop Rotation
58:28 Cavalier
62:56 Elite Skirmisher
65:59 Two-Man Saw
JR_Clutch
9:40 Feudal Age
10:05 Double-Bit Axe
13:07 Fletching
13:41 Loom
14:40 Wheelbarrow
15:23 Horse Collar
20:11 Castle Age
20:56 Padded Archer Armor
21:05 Bodkin Arrow
21:44 Hand Cart
21:41 Bow Saw
21:33 Heavy Plow
22:32 Heavy Plow
24:18 Leather Archer Armor
24:07 Gold Mining
25:13 Squires
30:05 Gold Shaft Mining
30:04 Light Cavalry
35:15 Scale Barding Armor
35:21 Forging
38:38 Imperial Age
37:44 Ballistics
38:40 Iron Casting
41:10 Husbandry
40:44 Pikeman
41:21 Elite Longbowman
41:27 Halberdier
43:05 Stone Mining
47:34 Chemistry
46:52 Siege Engineers
50:20 Yeomen
50:57 Warwolf
65:11 Bracer
65:41 Ring Archer Armor
66:33 Onager
Connection lost

Rejoining the realm…

Still unreachable

The connection could not be restored.

Session expired

The server has moved on; the page needs a fresh start.